 Dungeon Crawl Stone Soup version 0.27-a0-1139-g28e009f8a6 (webtiles) character file.

Game seed: 13532764448397789311

13 Anon1729 the Slasher (level 2, -27/24 HPs)
             Began as a Formicid Berserker on May 7, 2021.
             Annihilated by a polar bear (28 damage)
             ... created by the rage of Trog
             ... on level 1 of the Dungeon.
             The game lasted 00:00:28 (398 turns).

Anon1729 the Slasher (Formicid Berserker)            Turns: 398, Time: 00:00:28

Health: -27/24     AC:  2    Str: 21    XL:     2   Next: 50%
Magic:  2/2        EV: 12    Int:  6    God:
Gold:   25         SH:  0    Dex: 10    Spells: 1/1 levels left

rFire    . . .     SeeInvis +   a - +0 falchion
rCold    . . .     Faith    .   (no shield)
rNeg     . . .     Spirit   .   b - +0 animal skin
rPois    .         Reflect  .   (helmet unavailable)
rElec    .         Harm     .   (no cloak)
rCorr    .         Rampage  .   (no gloves)
Will     .....                  (no boots)
Stlth    +.........             (no amulet)
HPRegen  0.08/turn              (no ring)
MPRegen  0.08/turn              (no ring)

@: confused
A: permanent stasis, dig shafts and tunnels, antennae 3, four strong arms
a: Dig, Shaft Self


You were on level 1 of the Dungeon.
You visited 1 branch of the dungeon, and saw 1 of its levels.

You collected 25 gold pieces.

Inventory:

Hand Weapons
 a - a +0 falchion (weapon)
 c - a +1 dagger of electrocution
Armour
 b - a +0 animal skin (worn)


   Skills:
 - Level 3.3 Fighting
 + Level 3.6 Long Blades
 - Level 2.2 Armour
 - Level 1.8 Dodging


You had one spell level left.
You didn't know any spells.
Your spell library was empty.

Dungeon Overview and Level Annotations

Branches:
Dungeon (1/15)

Altars:


Innate Abilities, Weirdness & Mutations

You cannot be hasted, slowed, berserked, paralysed or teleported.
You can dig through walls and to a lower floor.
You have a pair of large antennae on your head. (SInv)
Your four strong arms can wield two-handed weapons with a shield.


Message History

There are monsters nearby!
There are monsters nearby!
There are monsters nearby!
There is an open door here.
You closely miss the ball python.
The ball python bites you but does no damage.
The ball python grabs you. The ball python constricts you.
You hit the ball python.
The ball python is moderately wounded.
The ball python bites you. The ball python constricts you.
You hit the ball python.
You kill the ball python!
The rat completely misses you.
You hit the rat.
The rat is moderately wounded.
The rat closely misses you.
You barely miss the rat.
The rat is moderately wounded.
The rat barely misses you.
You hit the rat.
You kill the rat!
No target in view!
No target in view!
No target in view!
No target in view!
No target in view!
Trog sends monsters to punish you. The divine experience confuses you!
You are confused. 3 polar bears come into view.
There are monsters nearby!
There are monsters nearby!
Okay, then.
You closely miss the polar bear.
You bump into the rock wall.
The polar bear bites you!!
Ouch! That really hurt!
* * * LOW HITPOINT WARNING * * *
The polar bear claws you but does no damage. x2
The polar bear bites you!!
Ouch! That really hurt!
You die...

#######.......
##.............
######.†.##.........
#......#.#.†).......
#.####...##.).......
#.# #######..######
#.# #h....... #.#
#h####### #.# #@# #.#
#..h# #.## #.....#
#..## #.......#
#####...####.........#
...........+.........+
#####...####.........#
#####.######.........
#........#


You could see 3 polar bears.

Vanquished Creatures
  3 goblins (D:1)
  A hobgoblin (D:1)
  4 ball pythons (D:1)
  A kobold (D:1)
  4 rats (D:1)
13 creatures vanquished.

Notes
Turn   | Place    | Note
-------+----------+-------------------------------------------
     0 | D:1      | Anon1729 the Formicid Berserker began the quest for the
                  | Orb.
     0 | D:1      | Reached XP level 1. HP: 18/18 MP: 1/1
     0 | D:1      | Fell from the grace of Trog
    65 | D:1      | Reached XP level 2. HP: 20/24 MP: 2/2
   397 | D:1      | Noticed a polar bear
   397 | D:1      | Noticed a polar bear
   397 | D:1      | Noticed a polar bear
   398 | D:1      | HP: 1/24 [polar bear[the rage of Trog] (22)]
   398 | D:1      | Annihilated by a polar bear

Illustrated notes

Levels and vault maps discovered:
D:1:      wander_arrival_desolate, layout_loops_corners

Action                   || total
-------------------------++-------
Melee: Falchion          ||    34
Invok: Renounce Religion ||     1
 Stab: Sleeping          ||     1
Armor: Animal skin       ||     7
Dodge: Dodged            ||    18
       Rpst.: Falchion   ||     1

Table legend: (Time is in decaauts)
 A = Elapsed time spent in this place.
 B = Non-inter-level travel time spent in this place.
 C = Inter-level travel time spent in this place.
 D = Time resting spent in this place.
 E = Time spent auto-exploring this place.
 F = Levels seen in this place.
 G = Mean time per level.
                   A        B        C        D        E       F      G
               +--------+--------+--------+--------+--------+-----+--------+
         Total |    403 |    403 |      0 |      0 |    330 |   1 |  403.0 |
       Dungeon |    403 |    403 |      0 |      0 |    330 |   1 |  403.0 |
               +--------+--------+--------+--------+--------+-----+--------+

Top non-repeatable levels by time:
     D:1: 403 daAuts
